AoeStats
← Sodythaek

Arabia

509900693Analyzed
1v1 RM · 5d ago on Sep 28, 2026· 36m 51s· 2 players
Game mode
Random Map
Map size
Tiny (2 player)
Population
200
Speed
Normal
Resources
Standard
Victory
Conquest
Starting age
Dark Age
Ending age
Imperial Age
RankedLock teamsTeams togetherTeam positionsShared explorationLock speedFull tech treeHidden civsTurbo modeCheats
Victory
Defeat
🇫🇷 Danes · France
1224
+17
🇺🇸 Khmer · United States
1243
-17
Sodythaek
3:48 Loom
4:23 Loom
9:57 Feudal Age
10:28 Double-Bit Axe
14:12 Scale Barding Armor
15:17 Forging
16:14 Horse Collar
18:48 Gold Mining
23:47 Castle Age
23:57 Arson
24:29 Scale Mail Armor
25:06 Iron Casting
24:41 Squires
24:27 Gambesons
25:02 Bow Saw
25:54 Chain Mail Armor
31:39 Pikeman
33:57 Heavy Plow
37:23 Wheelbarrow
nprhino_aoe
5:38 Loom
6:20 Loom
9:19 Feudal Age
14:20 Double-Bit Axe
16:34 Fletching
20:22 Castle Age
19:04 Scale Barding Armor
19:39 Forging
19:42 Bloodlines
21:59 Light Cavalry
22:48 Husbandry
24:44 Chain Barding Armor
34:28 Bodkin Arrow
Connection lost

Rejoining the realm…

Still unreachable

The connection could not be restored.

Session expired

The server has moved on; the page needs a fresh start.